 Dungeon Crawl Stone Soup version 0.19.1 (webtiles) character file.

138 truemonolith the Cudgeler (level 5, -1/41 HPs)
             Began as a Centaur Gladiator on Nov 25, 2016.
             Succumbed to a worker ant's poison
             ... on level 3 of the Dungeon.
             The game lasted 00:04:50 (3058 turns).

truemonolith the Cudgeler (Centaur Gladiator)       Turns: 3058, Time: 00:04:51

Health: -1/41      AC:  8    Str: 18    XL:     5   Next: 1%
Magic:  5/5        EV:  2    Int:  7    God:
Gold:   83         SH:  9    Dex: 10    Spells: 0 memorised, 4 levels left

rFire  . . .     SeeInvis .     a - +0 flail
rCold  . . .     Gourm    .     m - +0 chain mail
rNeg   . . .     Faith    .     o - +2 shield
rPois  .         Spirit   .     c - +0 helmet
rElec  .         Reflect  .     (no cloak)
rCorr  .         Harm     .     (no gloves)
MR     .....                    (no barding)
Stlth  ..........               (no amulet)
                                (no ring)
                                (no ring)

@: lethally poisoned (-1 -> -19), very quick
A: hooves 3, deformed body, speed 2, tough skin 3
a: no special abilities


You were on level 3 of the Dungeon.
You were very hungry.

You visited 1 branch of the dungeon, and saw 3 of its levels.

You collected 83 gold pieces.

Inventory:

Hand Weapons
 a - a +0 flail (weapon)
Missiles
 d - 5 throwing nets (quivered)
Armour
 b - a +0 leather armour
 c - a +0 helmet (worn)
 m - a +0 chain mail (worn)
 o - a +2 shield (worn)
Jewellery
 l - an uncursed ring of flight {unknown}
 p - a cursed amulet of inaccuracy {unknown}
 s - a +2 ring of strength {unknown}
Wands
 t - a wand of slowing (18/48)
Scrolls
 e - a scroll of fog {unknown}
 g - a scroll of recharging {unknown}
 h - 2 scrolls of enchant weapon {unknown}
 i - 2 scrolls of amnesia {unknown}
 j - a scroll of immolation {unknown}
 r - a scroll of magic mapping {unknown}
 u - a scroll of fear {unknown}
 w - a scroll of teleportation {unknown}
Potions
 k - a potion of curing {unknown}
 q - a potion of might {unknown}
 v - a potion of degeneration {unknown}
Comestibles
 f - 3 bread rations
 n - a meat ration


   Skills:
 - Level 2.0 Fighting
 + Level 5.2 Maces & Flails
 - Level 2.1 Throwing
 - Level 2.1 Dodging


You had 4 spell levels left.
You didn't know any spells.

Dungeon Overview and Level Annotations

Branches:
Dungeon (3/15)

Altars:
Trog

Annotations:
D:3 RussianFaggotGlassGo's ghost, amateur OgTm


Innate Abilities, Weirdness & Mutations

You have hooves in place of feet.
Armour fits poorly on your strangely shaped body.
You cover ground very quickly.
You have extremely tough skin. (AC +3)


Message History

RussianFaggotGlassGo's ghost hits you.
You hit RussianFaggotGlassGo's ghost.
Your kick misses RussianFaggotGlassGo's ghost.
RussianFaggotGlassGo's ghost is severely damaged.
You feel sick. The worker ant bites you.
* * * LOW HITPOINT WARNING * * *
You are more poisoned.
The worker ant poisons you!
You block RussianFaggotGlassGo's ghost's attack.
You block the worker ant's attack.
You hit RussianFaggotGlassGo's ghost.
RussianFaggotGlassGo's ghost is severely damaged.
* * * LOW HITPOINT WARNING * * *
You feel sick. You block the worker ant's attack.
RussianFaggotGlassGo's ghost hits you.
* * * LOW HITPOINT WARNING * * *
You closely miss RussianFaggotGlassGo's ghost.
You kick RussianFaggotGlassGo's ghost, but do no damage.
RussianFaggotGlassGo's ghost is severely damaged.
You die...

.......<#######...####.#
#......................#
#.......########.#######
........# #.# #.......#
#.# ######### ##.#####
##########......#
#.......##..###.#
#.#####.#.a@###.#
#.#####....W.##.######
#.#.............†.)..#
#.#.###......##.####.#
#.#.# #.#....##.# #.#
####.#.###.#.....#.# #.#
#..........##......# #.#
#.####†#######.###.##
#.# #.####.# #.# #..#
#.######


You could see a worker ant and RussianFaggotGlassGo's ghost.

Vanquished Creatures
  3 gnolls (D:2)
  2 adders
  2 worms (D:2)
  3 dart slugs
  2 leopard geckos (D:2)
  2 orcs (D:3)
  4 giant cockroaches
  10 goblins
  6 hobgoblins
  5 jackals
  9 kobolds
  3 quokkas
  A ball python (D:3)
  6 bats
  7 frilled lizards
  6 rats
71 creatures vanquished.

Notes
Turn   | Place    | Note
-------+----------+-------------------------------------------
     0 | D:1      | truemonolith the Centaur Gladiator began the quest for the Orb.
     0 | D:1      | Reached XP level 1. HP: 17/17 MP: 1/1
    37 | D:1      | Reached skill level 3 in Maces & Flails
   235 | D:1      | Reached XP level 2. HP: 11/24 MP: 2/2
   937 | D:1      | Reached XP level 3. HP: 24/29 MP: 3/3
  1239 | D:2      | Reached skill level 4 in Maces & Flails
  1695 | D:2      | Reached XP level 4. HP: 22/36 MP: 4/4
  2393 | D:3      | Reached skill level 5 in Maces & Flails
  2982 | D:3      | Reached XP level 5. HP: 41/41 MP: 5/5
  2985 | D:3      | Found a bloodstained altar of Trog.
  3042 | D:3      | Noticed RussianFaggotGlassGo's ghost (amateur OgTm)
  3057 | D:3      | HP: 1/41 [RussianFaggotGlassGo's ghost (6)]
  3058 | D:3      | Succumbed to a worker ant's poison

Skill      XL: |  1  2  3  4 |
---------------+-------------+-----
Maces & Flails | 3 4 5 |  5.2
Fighting       | |  2.0
Throwing       | |  2.1
Dodging        | |  2.1

Action                   |  1- 3 |  4- 6 || total
-------------------------+-------+-------++-------
Melee: Flail             |   157 |    96 ||   253
       Kick              |    28 |    26 ||    54
  Eat: Bread ration      |     1 |       ||     1
Armor: Leather armour    |    56 |       ||    56
       Chain mail        |    48 |    59 ||   107
Dodge: Dodged            |    73 |     9 ||    82
Block: Shield            |    60 |    51 ||   111
